 Dungeon Crawl Stone Soup version 0.32-a0-928-g1cae6b7ea0 (webtiles) character file.

Game seed: 17384235085461673776

286 Biggs the Magician (level 6, -4/40 HPs)
             Began as a Djinni Conjurer on Apr 13, 2024.
             Slain by Edmund
             ... wielding a +2 flail of holy wrath
              (8 damage)
             ... on level 4 of the Dungeon.
             The game lasted 00:07:57 (1086 turns).

Biggs the Magician (Djinni Conjurer)                Turns: 1086, Time: 00:07:58

Health: -4/40      AC:  4    Str:  6    XL:     6   Next: 56%
Gold:   143        EV: 11    Int: 21    God:
                   SH:  0    Dex: 12

rFire   + + .        o - +4 demon trident (vamp)
rCold   x . .        (no shield)
rNeg    . . .        a - +0 robe
rPois   ∞            (no helmet)
rElec   .            g - +0 cloak
rCorr   .            c - +0 pair of gloves
SInv    .            (boots unavailable)
Will    .....        (no amulet)
Stlth   ++           (no ring)
HPRegen 0.26/turn    (no ring)

%: infuse magic (-5 HP)
@: flying
A: sickness immunity, fire resistance 2, cold vulnerability 1, float, innate
caster, HP casting, extra vitality 1
a: no special abilities


You were on level 4 of the Dungeon.
You visited 1 branch of the dungeon, and saw 4 of its levels.

You collected 143 gold pieces.

Inventory:

Hand Weapons
 o - a +4 vampiric demon trident (weapon)
Armour
 a - a +0 robe (worn)
 c - a +0 pair of gloves (worn)
 f - a +1 ring mail of cold resistance
 g - a +0 cloak (worn)
Wands
 k - a wand of charming (5)
Scrolls
 b - a scroll of fog
 h - a scroll of immolation {unknown}
 j - 2 scrolls of identify {unknown}
 l - a scroll of amnesia {unknown}
Potions
 d - a potion of enlightenment {unknown}
 e - a potion of mutation {unknown}
 i - 2 potions of heal wounds {unknown}
 m - a potion of magic {unknown}
 n - a potion of curing {unknown}


   Skills:
 - Level 2.1 Dodging
 - Level 1.5 Stealth
 + Level 6.0 Spellcasting
 + Level 6.0 Conjurations
 + Level 6.0 Hexes
   Level 0.0 Charms
 + Level 6.0 Summonings
 + Level 6.0 Necromancy
 + Level 6.0 Translocations
   Level 0.0 Transmutations
 + Level 6.0 Fire Magic
 + Level 6.0 Ice Magic
 + Level 6.0 Air Magic
 + Level 6.0 Earth Magic
 + Level 6.0 Alchemy


You knew the following spells:

 Your Spells              Type           Power      Damage    Failure   Level
a - Magic Dart            Conj           100%       1d8       1%          1
b - Searing Ray           Conj           62%        2d6       1%          2
c - Fulminant Prism       Conj/Alch      15%        3d11      9%          4
d - Iskenderun's Mystic Conj/Tloc 31%            2d8        (+2d4     9%          4
e - Kiss of Death         Conj/Necr      100%       2d13      1%          1
f - Lesser Beckoning      Tloc           62%        N/A       1%          2
Your spell library was empty.

Dungeon Overview and Level Annotations

Branches:
Dungeon (4/15)
 Temple: D:4-7

Altars:

Annotations:
D:4 Edmund


Innate Abilities, Weirdness & Mutations

You are immune to sickness and miasma.
You are immune to poison.
Your flesh is very heat resistant. (rF++)
You are vulnerable to cold. (rC-)
You float through the air rather than walking.
You learn spells naturally, not from books.
Your magical power is your life essence.
You have superior vitality. (+4 MHP)


Message History

You conjure a prism of explosive energy!
A fulminant prism comes into view.
The adder bites you.
Unknown command.
Unknown command.
You barely miss the adder.
The adder is severely wounded.
The adder bites you.
Edmund hits you with a +2 flail of holy wrath.
The kobold closely misses you. The adder bites you but does no damage.
Your fulminant prism crackles loudly.
Unknown command.
You barely miss Edmund. The adder misses you.
Edmund hits you with a +2 flail of holy wrath.
* * * LOW HITPOINT WARNING * * *
The kobold barely misses you.
Your fulminant prism explodes!
The blast of energy engulfs the kobold!
You kill the kobold!
The blast of energy engulfs the adder!!
You kill the adder!
The blast of energy engulfs Edmund!
Edmund is moderately wounded.
Edmund hits you with a +2 flail of holy wrath.
* * * LOW HITPOINT WARNING * * *
Unknown command.
Casting: Fulminant Prism (quite dangerous; 9% risk of failure)
Confirm with . or Enter, or press ? or * to list all spells.
You don't have enough health to cast this spell.
Okay, then.
Okay, then.
Okay, then.
Casting: Fulminant Prism (quite dangerous; 9% risk of failure)
Confirm with . or Enter, or press ? or * to list all spells.
Okay, then.
As you read the scroll labelled OLEUNL LUMUDOA, it dissolves into smoke.
It was a scroll of fog.
Edmund hits you with a +2 flail of holy wrath!
You die...
Edmund says, "I'd like to see a scythe do that!"

#.........# #.
#.........# #.
##'#......# #.
##.##.....#
##...##....#
##.....##.....
########...ß...######
#_....:§§.........
##...§@§ß...ß....
###.§§@.........#
###....⌠....###
...........
....ß...ß...
.......).....
####...ß...# #.....#


You could see Edmund.

Vanquished Creatures
  Blork the orc (D:4)
  A bombardier beetle (D:4)
  An orc wizard (D:3)
  4 gnolls (D:4)
  4 adders
  2 dart slugs
  12 orcs
  5 ball pythons
  6 bats
  7 endoplasms
  3 giant cockroaches
  3 goblins
  4 hobgoblins
  7 kobolds
  2 quokkas
  2 frilled lizards (D:1)
  4 rats
68 creatures vanquished.

Vanquished Creatures (others)
  2 fulminant prisms (D:4)
2 creatures vanquished.

Grand Total: 70 creatures vanquished

Notes
Turn   | Place    | Note
-------+----------+-------------------------------------------
     0 | D:1      | Biggs the Djinni Conjurer began the quest for the Orb.
     0 | D:1      | Biggs set off with the following spells memorised: Magic
                  | Dart, Searing Ray, Fulminant Prism, Iskenderun's Mystic
                  | Blast.
     0 | D:1      | Reached XP level 1. HP: 15/15 MP: 0/0
    80 | D:1      | Reached XP level 2. HP: 19/21 MP: 0/0
   175 | D:1      | You are sucked into a shaft and drop 1 floor!
   221 | D:2      | Reached XP level 3. HP: 20/25 MP: 0/0
   221 | D:2      | Learned a level 1 spell: Kiss of Death
   399 | D:2      | Reached XP level 4. HP: 25/31 MP: 0/0
   827 | D:3      | Reached skill level 5 in Spellcasting
   827 | D:3      | Reached skill level 5 in Conjurations
   827 | D:3      | Reached skill level 5 in Hexes
   827 | D:3      | Reached skill level 5 in Summonings
   827 | D:3      | Reached skill level 5 in Necromancy
   827 | D:3      | Reached skill level 5 in Translocations
   827 | D:3      | Reached skill level 5 in Fire Magic
   827 | D:3      | Reached skill level 5 in Ice Magic
   827 | D:3      | Reached skill level 5 in Air Magic
   827 | D:3      | Reached skill level 5 in Earth Magic
   827 | D:3      | Reached skill level 5 in Alchemy
   827 | D:3      | Reached XP level 5. HP: 26/35 MP: 0/0
   827 | D:3      | Learned a level 2 spell: Lesser Beckoning
  1003 | D:4      | Noticed Blork the orc
  1010 | D:4      | Killed Blork the orc
  1011 | D:4      | Reached XP level 6. HP: 25/40 MP: 0/0
  1077 | D:4      | Noticed Edmund
  1086 | D:4      | Slain by Edmund

Illustrated notes

Levels and vault maps discovered:
D:1:      dpeg_arrival_tiny_g, layout_basic, reono_crystal_passage
D:2:      layout_loops_ring
D:3:      layout_rooms
D:4:      layout_basic, minmay_overflow_temple_star_hex, uniq_edmund, uniq_ijyb,
          uniq_blork_the_orc

Skill      XL: |  1  2  3  4  5  6 |
---------------+-------------------+-----
Spellcasting   | 4 5 6 |  6.0
Conjurations   | 4 5 6 |  6.0
Hexes          | 4 5 6 |  6.0
Summonings     | 4 5 6 |  6.0
Necromancy     | 4 5 6 |  6.0
Translocations | 4 5 6 |  6.0
Fire Magic     | 4 5 6 |  6.0
Ice Magic      | 4 5 6 |  6.0
Air Magic      | 4 5 6 |  6.0
Earth Magic    | 4 5 6 |  6.0
Alchemy        | 4 5 6 |  6.0
Dodging        | |  2.1
Stealth        | |  1.5

Action                     |  1- 3 |  4- 6 || total
---------------------------+-------+-------++-------
  Melee: Unarmed           |     1 |       ||     1
         Demon trident     |       |     2 ||     2
   Cast: Magic Dart        |    43 |    21 ||    64
         Searing Ray       |     8 |    19 ||    27
         Fulminant Prism   |       |     2 ||     2
    Use: Scroll            |       |     1 ||     1
 Armour: Robe              |     6 |    13 ||    19
  Dodge: Dodged            |     8 |    11 ||    19

Table legend: (Time is in decaauts)
 A = Elapsed time spent in this place.
 B = Non-inter-level travel time spent in this place.
 C = Inter-level travel time spent in this place.
 D = Time resting spent in this place.
 E = Time spent auto-exploring this place.
 F = Levels seen in this place.
 G = Mean time per level.
                   A        B        C        D        E       F      G
               +--------+--------+--------+--------+--------+-----+--------+
         Total |   1084 |   1084 |      0 |     59 |      0 |   4 |  271.0 |
       Dungeon |   1084 |   1084 |      0 |     59 |      0 |   4 |  271.0 |
               +--------+--------+--------+--------+--------+-----+--------+

Top non-repeatable levels by time:
     D:2: 390 daAuts
     D:1: 295 daAuts
     D:3: 290 daAuts
     D:4: 107 daAuts
